 Dungeon Crawl Stone Soup version 0.20.1-1-g8b1a95d (webtiles) character file.

1383 veneficus the Spear-Bearer (level 8, -4/58 HPs)
             Began as a Merfolk Skald on Nov 3, 2017.
             Was a Follower of Fedhas.
             Slain by an orc warrior
             ... wielding a +0 trident
              (14 damage)
             ... on level 6 of the Dungeon.
             The game lasted 00:23:03 (5972 turns).

veneficus the Spear-Bearer (Merfolk Skald)          Turns: 5972, Time: 00:23:03

Health: -4/58      AC:  1    Str: 11    XL:     8   Next: 67%
Magic:  10/12      EV: 14    Int: 12    God:    Fedhas [*.....]
Gold:   245        SH:  0    Dex: 16    Spells: 4/12 levels left

rFire    + . .     SeeInvis +   h - +0 halberd
rCold    x . .     Gourm    .   (shield currently unavailable)
rNeg     . . .     Faith    .   (no armour)
rPois    .         Spirit   .   x - +0 helmet {SInv}
rElec    .         Reflect  .   (no cloak)
rCorr    .         Harm     .   (no gloves)
MR       .....                  (no boots)
Stlth    +.........             g - amulet of regeneration
Regen    0.6/turn               i - ring of fire
MPRegen  0.2/turn               (no ring)

@: no status effects
A: change form in water, swift swim, stealthy swim
a: Fungal Bloom, Evolution, Renounce Religion


You were on level 6 of the Dungeon.
You worshipped Fedhas.
Fedhas was aware of your devotion.
You were not hungry.

You visited 1 branch of the dungeon, and saw 6 of its levels.

You collected 245 gold pieces.

Inventory:

Hand Weapons
 a - a +0 spear
 h - a +0 halberd (weapon)
Armour
 b - the +1 chain mail of Hyps {MR+ Dex+5 Stlth+}
   (You found it on level 6 of the Dungeon)

   It affects your dexterity (+5).
   It affects your resistance to hostile enchantments.
   It makes you more stealthy.
 s - a +0 buckler
 v - a +1 leather armour of fire resistance
 x - a +0 helmet of see invisible (worn)
Jewellery
 g - an amulet of regeneration (around neck)
 i - a ring of fire (left hand)
Scrolls
 e - a scroll of identify
 j - 2 scrolls of fog {unknown}
 k - 3 scrolls of teleportation {unknown}
 l - a scroll of immolation {unknown}
 m - 2 scrolls of blinking {unknown}
 q - a scroll of amnesia {unknown}
 t - a scroll of recharging {unknown}
 y - 2 scrolls of remove curse {unknown}
Potions
 n - a potion of might
 o - 2 potions of curing
 u - 2 potions of mutation
 w - 2 potions of lignification
 z - 2 potions of heal wounds
Books
 c - a book of Battle

   Spells                             Type                      Level
   a - Infusion                       Charms                       1
   b - Shroud of Golubria             Charms/Translocation         2
   c - Song of Slaying                Charms                       2
   d - Spectral Weapon                Hexes/Charms                 3
   e - Regeneration                   Charms/Necromancy            3
Comestibles
 d - 4 bread rations
 f - 6 fruits
 r - a meat ration


   Skills:
 + Level 3.2 Fighting
 - Level 10.0 Polearms
 + Level 1.3 Armour
 + Level 3.4 Dodging
 + Level 2.7 Spellcasting
 + Level 8.2 Charms


You had 4 spell levels left.
You knew the following spells:

 Your Spells              Type           Power        Failure   Level  Hunger
a - Infusion              Chrm           ###.         1%          1    #......
b - Shroud of Golubria    Chrm/Tloc      ##........   7%          2    ###....
c - Song of Slaying       Chrm           ###.....     1%          2    ###....
d - Spectral Weapon       Hex/Chrm       ##......     14%         3    ###....


Dungeon Overview and Level Annotations

Branches:
Dungeon (6/15)             Temple (0/1) D:4

Altars:
Dithmenos
Elyvilon
Fedhas
Makhleb
Ru
Xom


Message History

r - Retreat! s - Stop attacking. g - Guard the area. f - Follow me.
Anything else - Cancel.
Gang up on whom?
Aim: an orc
Okay, then.
Spoiler Alert: The orc warrior can hit for high damage!
What are your orders? t - Shout!
Orders for allies: a - Attack new target. r - Retreat! s - Stop attacking. g - Guard the area. f - Follow me.
Anything else - Cancel.
Gang up on whom?
Aim: an orc warrior, wielding a trident and wearing a chain mail (lightly wounded) Attack!
Your wandering mushroom misses the orc warrior.
The orc warrior hits you with a trident!
You die...
Fedhas appreciates your contribution to the ecosystem.

#f#####.....# #......#
#f##.....##.# #..._..#
###.##.....##.##### #......#
....##.....##.....###......##
....##.....##.....##........#
....##.....f......##........#
#######...#.##....##........#####
.....#....#.......##............#
..........####..@.#..o###.......#
...............oo.#...# #.......#
.......##.....fo###...# #.......#
.#.###......f....oo..o###.......#
...........f..(..............f..#
................##..<......####f#
.............<..##..........# #f#
..........(#'##.............###.#
.....#..()(................fff.f#


You could see an orc warrior, 2 orcs and 3 friendly wandering mushrooms.

Vanquished Creatures
  Prince Ribbit (D:6)
  An ogre (D:6)
  2 bullfrogs (D:6)
  A scorpion (D:6)
  A bullfrog zombie (D:5)
  A hound (D:5)
  A bullfrog skeleton (D:6)
  3 orc wizards
  2 worker ants
  A hound skeleton (D:5)
  Robin (D:3)
  A gnoll (D:1)
  6 adders
  3 oozes
  An adder skeleton (D:4)
  3 worms
  A dart slug (D:1)
  2 leopard geckos
  4 orcs
  4 giant cockroaches
  19 goblins
  9 hobgoblins
  6 jackals
  9 kobolds
  A quokka (D:5)
  9 bats
  3 frilled lizards
  7 rats
103 creatures vanquished.

Vanquished Creatures (collateral kills)
  A hippogriff (D:5)
  Menkaure (D:6)
  A sky beast (D:6)
  A centaur (D:6)
  A scorpion (D:6)
  A howler monkey (D:6)
  2 crimson imps
  A jelly (D:6)
  2 hounds
  3 bullfrog skeletons
  A centaur skeleton (D:6)
  An iguana (D:6)
  2 orc wizards (D:6)
  8 worker ants
  A hound skeleton (D:6)
  An adder (D:4)
  A worm (D:3)
  A leopard gecko (D:6)
  15 orcs
  A giant cockroach (D:3)
  A jackal (D:4)
  2 kobolds (D:3)
49 creatures vanquished.

Vanquished Creatures (others)
  3 wandering mushrooms
  57 toadstools
60 creatures vanquished.

Grand Total: 212 creatures vanquished

Notes
Turn   | Place    | Note
-------+----------+-------------------------------------------
     0 | D:1      | veneficus the Merfolk Skald began the quest for the Orb.
     0 | D:1      | Reached XP level 1. HP: 16/16 MP: 3/3
    91 | D:1      | Reached XP level 2. HP: 19/22 MP: 1/5
   425 | D:1      | Reached skill level 4 in Polearms
   505 | D:1      | Reached XP level 3. HP: 10/27 MP: 0/6
   877 | D:1      | Learned a level 2 spell: Shroud of Golubria
   880 | D:1      | Learned a level 2 spell: Song of Slaying
  1169 | D:2      | Found a burning altar of Makhleb.
  1184 | D:2      | Found a shimmering altar of Xom.
  1200 | D:2      | Reached XP level 4. HP: 29/33 MP: 1/7
  1301 | D:2      | Reached skill level 5 in Polearms
  1530 | D:2      | Found a shadowy altar of Dithmenos.
  1564 | D:2      | Found a blossoming altar of Fedhas.
  1613 | D:2      | Became a worshipper of Fedhas Madash
  2164 | D:3      | Noticed Robin
  2387 | D:2      | Reached XP level 5. HP: 32/38 MP: 8/8
  2450 | D:3      | Killed Robin
  2496 | D:3      | Reached * piety under Fedhas
  2760 | D:3      | Reached skill level 6 in Polearms
  2863 | D:3      | Reached skill level 5 in Charms
  3227 | D:4      | Reached XP level 6. HP: 44/44 MP: 9/9
  3326 | D:4      | Found a staircase to the Ecumenical Temple.
  3435 | D:4      | Reached skill level 7 in Polearms
  3995 | D:5      | Entered Level 5 of the Dungeon
  4040 | D:5      | Noticed a hippogriff
  4049 | D:5      | Killed a hippogriff
  4057 | D:5      | Learned a level 3 spell: Spectral Weapon
  4148 | D:5      | Reached skill level 8 in Polearms
  4148 | D:5      | Reached XP level 7. HP: 41/50 MP: 10/10
  4906 | D:6      | Reached skill level 9 in Polearms
  4917 | D:6      | Noticed Menkaure
  5180 | D:6      | Killed Menkaure
  5180 | D:6      | Reached XP level 8. HP: 56/56 MP: 11/11
  5254 | D:6      | Reached skill level 10 in Polearms
  5347 | D:6      | Noticed Prince Ribbit
  5361 | D:6      | Killed Prince Ribbit
  5361 | D:6      | Reached skill level 1 in Armour
  5400 | D:6      | Found a shimmering altar of Xom.
  5480 | D:6      | Found a sacrificial altar of Ru.
  5601 | D:6      | Got a polished chain mail
  5612 | D:6      | Identified the +1 chain mail of Hyps {MR+ Dex+5 Stlth+} (You found it on level 6 of the Dungeon)
  5927 | D:6      | Found a white marble altar of Elyvilon.
  5972 | D:6      | Slain by an orc warrior

Skill      XL: |  1  2  3  4  5  6  7  8 |
---------------+-------------------------+-----
Polearms       | 4 5 6 8 9 10 | 10.0
Charms         | 4 5 6 7 8 |  8.2
Dodging        | 3 |  3.4
Armour         | 1 |  1.3
Fighting       | 3 |  3.2
Spellcasting   | |  2.7

Action                   |  1- 3 |  4- 6 |  7- 9 || total
-------------------------+-------+-------+-------++-------
Melee: Spear             |    65 |       |       ||    65
       Halberd           |    44 |   185 |    77 ||   306
       Tailslap          |       |     1 |       ||     1
 Cast: Infusion          |     9 |     5 |     2 ||    16
       Shroud of Golubri |       |     2 |     1 ||     3
Invok: Fungal Bloom      |       |    31 |    18 ||    49
       Evolution         |       |     5 |     2 ||     7
  Use: Scroll            |       |     5 |     1 ||     6
 Stab: Sleeping          |       |     2 |       ||     2
       Confused          |       |     1 |     5 ||     6
  Eat: Chunk             |     1 |     9 |     3 ||    13
       Meat ration       |       |       |     1 ||     1
Armor: Leather armour    |    19 |    52 |    25 ||    96
       Skin              |       |       |     3 ||     3
Dodge: Dodged            |    74 |   139 |    68 ||   281
